 Dungeon Crawl Stone Soup version 0.28.0-53-g5a82cb258f (webtiles) character file.

Game seed: 16879488852739698995

91 MiltankisOP the Changer (level 4, -3/35 HPs)
             Began as a Draconian Transmuter on June 19, 2022.
             Slain by a gnoll
             ... wielding a +0 halberd
              (6 damage)
             ... on level 3 of the Dungeon.
             The game lasted 00:02:52 (1964 turns).

MiltankisOP the Changer (Draconian Transmuter)      Turns: 1964, Time: 00:02:52

Health: -3/35      AC:  5    Str: 13    XL:     4   Next: 34%
Magic:  7/7        EV: 12    Int: 21    God:
Gold:   87         SH:  0    Dex: 11    Spells: 6/7 levels left

rFire   . . .      SeeInvis .     - Unarmed
rCold   . . .      Faith    .   (no shield)
rNeg    . . .      Spirit   .   (armour unavailable)
rPois   .          Reflect  .   (helmet currently unavailable)
rElec   .          Harm     .   (no cloak)
rCorr   .          Rampage  .   (no gloves)
Will    .....                   (boots currently unavailable)
Stlth   +.........              (no amulet)
HPRegen 0.11/turn               f - +6 ring of intelligence
MPRegen 0.10/turn               (no ring)

@: appendages (expiring)
A: horns 2, talons 2, AC +5, unfitting armour, cold-blooded
a: End Transformation


You were on level 3 of the Dungeon.
You had temporarily grown beastly horns and talons.
You visited 1 branch of the dungeon, and saw 3 of its levels.

You collected 87 gold pieces.

Inventory:

Jewellery
 f - a +6 ring of intelligence (left hand)
Scrolls
 a - a scroll of enchant armour {unknown}
 d - a scroll of fog {unknown}
 e - 2 scrolls of identify {unknown}
 h - a scroll of noise {unknown}
Potions
 b - a potion of curing {unknown}
 c - a potion of ambrosia {unknown}
 g - a potion of cancellation {unknown}


   Skills:
 - Level 1.1 Fighting
 - Level 1.7 Dodging
 - Level 3.0 Unarmed Combat
 - Level 2.0 Spellcasting
 + Level 4.6 Transmutations


You had 6 spell levels left.
You knew the following spells:

 Your Spells              Type           Power      Damage    Failure   Level
a - Beastly Appendage     Tmut           42%        N/A       2%          1

Your spell library contained the following spells:

 Spells                   Type           Power      Damage    Failure   Level
 Wereblood                Tmut           21%        N/A       3%          2
 Spider Form              Tmut/Pois      11%        N/A       17%         3
 Ice Form                 Ice/Tmut       11%        N/A       50%         4


Dungeon Overview and Level Annotations

Branches:
Dungeon (3/15)

Altars:
Ashenzari


Innate Abilities, Weirdness & Mutations

You have temporarily grown beastly horns and talons.
Your plain brown scales are hard. (AC +5)
You cannot fit into any form of body armour.
You are cold-blooded and may be slowed by cold attacks.


Message History

You hit the bat. Your kick misses the bat.
The bat is moderately wounded.
The bat hits you but does no damage.
You hit the bat.
You kill the bat!
You closely miss the gnoll shaman. You claw the gnoll shaman.
You tail-slap the gnoll shaman, but do no damage.
The gnoll shaman is lightly wounded.
The gnoll shaman completely misses you.
You hit the gnoll shaman. Your kick misses the gnoll shaman.
You headbutt the gnoll shaman.
The gnoll shaman is heavily wounded.
The gnoll barely misses you. The gnoll completely misses you.
The gnoll shaman hits you but does no damage.
You closely miss the gnoll shaman. Your headbutt misses the gnoll shaman.
The gnoll shaman is heavily wounded.
Your transformation is almost over.
The gnoll misses you.
The gnoll shaman hits you with a +0 club.
You hit the gnoll shaman but do no damage.
You claw the gnoll shaman.
The gnoll shaman is severely wounded.
The gnoll hits you from afar with a +0 halberd!
The gnoll barely misses you.
The gnoll shaman hits you with a +0 club.
You barely miss the gnoll shaman. Your kick misses the gnoll shaman.
Your tail-slap misses the gnoll shaman.
The gnoll shaman is severely wounded.
The gnoll closely misses you.
You barely miss the gnoll shaman.
The gnoll shaman is severely wounded.
The gnoll hits you from afar with a +0 halberd!
* * * LOW HITPOINT WARNING * * *
The gnoll shaman mumbles some strange prayers to its god against you.
You resist with some effort.
The gnoll hits you from afar with a +0 halberd.
* * * LOW HITPOINT WARNING * * *
The gnoll shaman closely misses you.
The gnoll hits you from afar with a +0 halberd.
You die...

#.................g
#...).....#######..
#......†..# #..
#.###.........#######..
#....ogg...g.g.....g...
######g############.###
#g# #.# #g# #.# #@# #.#
### ... ... ... ....#


You could see a gnoll shaman, 3 gnolls, an orc and a hobgoblin.

Vanquished Creatures
  2 gnolls
  3 adders
  2 dart slugs (D:1)
  3 ball pythons (D:1)
  3 endoplasms
  2 giant cockroaches
  3 goblins
  4 hobgoblins
  6 quokkas
  3 bats
  3 frilled lizards
  4 kobolds
  4 rats
42 creatures vanquished.

Notes
Turn   | Place    | Note
-------+----------+-------------------------------------------
     0 | D:1      | MiltankisOP the Draconian Transmuter began the quest for
                  | the Orb.
     0 | D:1      | Reached XP level 1. HP: 16/16 MP: 3/3
   513 | D:1      | Reached XP level 2. HP: 15/23 MP: 3/5
   570 | D:1      | Reached skill level 3 in Transmutations
  1027 | D:1      | Reached XP level 3. HP: 25/28 MP: 6/6
  1089 | D:1      | Found a faded altar of an unknown god.
  1217 | D:2      | Reached skill level 4 in Transmutations
  1422 | D:2      | Reached XP level 4. HP: 29/35 MP: 5/7
  1682 | D:3      | Found a broken altar of Ashenzari.
  1964 | D:3      | Slain by a gnoll

Illustrated notes

Levels and vault maps discovered:
D:1:      dpeg_chamrin_arrival_tetris, layout_rooms,
          ebering_ecumenical_altar_webs
D:2:      layout_basic, minmay_3d_cube
D:3:      layout_basic, nicolae_ashenzari_skybound, gup_sewer_entry_spiral,
          uniq_terence

Skill      XL: |  1  2  3 |
---------------+----------+-----
Transmutations | 3 4 |  4.6
Fighting       | |  1.1
Dodging        | |  1.7
Unarmed Combat | |  3.0
Spellcasting   | |  2.0

Action                   |  1- 3 |  4- 6 || total
-------------------------+-------+-------++-------
Melee: Unarmed           |    86 |    25 ||   111
       Tailslap          |    10 |     3 ||    13
       Kick              |    15 |     6 ||    21
       Headbutt          |    11 |     2 ||    13
       Punch             |     3 |       ||     3
 Cast: Beastly Appendage |    19 |     6 ||    25
Armor: Skin              |    24 |    24 ||    48
Dodge: Dodged            |    57 |    37 ||    94
